 Dungeon Crawl Stone Soup version 0.22.0-81-g402daae900 (webtiles) character file.

786 ShinyGoldenGod the Skirmisher (level 7, -1/63 HPs)
             Began as a Minotaur Fighter on Sept 17, 2018.
             Was an Initiate of the Shining One.
             Slain by an orc warrior
             ... wielding a +0 trident
              (11 damage)
             ... on level 6 of the Dungeon.
             The game lasted 00:22:46 (4776 turns).

ShinyGoldenGod the Skirmisher (Minotaur Fighter)    Turns: 4776, Time: 00:22:47

Health: -1/63      AC:  7    Str: 23    XL:     7   Next: 56%
Magic:  6/6        EV:  8    Int:  5    God:    the Shining One [......]
Gold:   242        SH: 10    Dex:  9    Spells: 6/6 levels left

rFire    . . .     SeeInvis .   k - +1 hand axe (chop)
rCold    . . .     Gourm    .   c - +0 shield
rNeg     . . .     Faith    .   b - +0 scale mail
rPois    .         Spirit   .   (helmet restricted)
rElec    .         Reflect  .   (no cloak)
rCorr    .         Harm     .   (no gloves)
MR       .....                  (no boots)
Stlth    ..........             (no amulet)
HPRegen  0.20/turn              (no ring)
MPRegen  0.10/turn              (no ring)

@: glowing
A: retaliatory headbutt, horns 2
a: Renounce Religion


You were on level 6 of the Dungeon.
You worshipped the Shining One.
The Shining One was noncommittal.
You were hungry.

You visited 2 branches of the dungeon, and saw 7 of its levels.

You collected 242 gold pieces.

Inventory:

Hand Weapons
 a - a +0 flail
 k - a +1 hand axe of chopping (weapon)
 C - a +0 blowgun
Missiles
 v - 16 poisoned needles
Armour
 b - a +0 scale mail (worn)
 c - a +0 shield (worn)
Jewellery
 z - an uncursed ring of stealth {unknown}
Wands
 l - a wand of digging (8)
 u - a wand of disintegration (11)
Scrolls
 e - 2 scrolls of teleportation {unknown}
 g - 3 scrolls of remove curse {unknown}
 i - 9 scrolls of identify
 j - a scroll of enchant weapon {unknown}
 m - a scroll of fear {unknown}
 n - 2 scrolls of enchant armour {unknown}
 x - a scroll of blinking {unknown}
 y - a scroll of random uselessness {unknown}
 A - a scroll of amnesia {unknown}
 B - a scroll of vulnerability {unknown}
Potions
 d - a potion of might
 h - a potion of invisibility {unknown}
 o - a potion of resistance {unknown}
 p - a potion of heal wounds {unknown}
 q - a potion of degeneration {unknown}
 r - a potion of mutation {unknown}
 s - 3 potions of lignification {unknown}
 t - a potion of agility {unknown}
 w - a potion of curing {unknown}
Comestibles
 f - 12 rations
 D - 3 chunks of flesh


   Skills:
 + Level 6.2 Fighting
 + Level 4.3(4.9) Axes
 - Level 3.1(4.3) Maces & Flails
 + Level 6.2 Armour
 + Level 6.1 Shields


You had 6 spell levels left.
You didn't know any spells.
Your spell library was empty.

Dungeon Overview and Level Annotations

Branches:
Dungeon (6/15)             Temple (1/1) D:5

Altars:
Ashenzari
Cheibriados
Dithmenos
Elyvilon
Fedhas
Gozag
Hepliaklqana
Kikubaaqudgha
Makhleb
Nemelex Xobeh
Okawaru
Qazlal
Ru
Sif Muna
Trog
Uskayaw
Vehumet
Wu Jian
Xom
Yredelemnul
Zin
The Shining One


Innate Abilities, Weirdness & Mutations

You reflexively headbutt those who attack you in melee.
You have a pair of horns on your head.


Message History

You hit the orc.
The orc is moderately wounded.
You block the orc warrior's attack.
You are feeling hungry.
You slash the orc!
You kill the orc!
The orc warrior hits you from afar with a trident!
You hit the orc.
You kill the orc!
The orc warrior completely misses you.
You slash the orc!
You kill the orc!
The orc warrior hits you from afar with a trident!!
An orc comes into view. It is wielding a war axe.
The orc warrior hits you with a trident!
* * * LOW HITPOINT WARNING * * *
Items here: ) ? [ †† a club; a leather armour; a scroll of identify; an orc corpse x2
The orc warrior hits you from afar with a trident!
You die...

###)....# ########.#######
...........................
###.###.########....######.
#.# .########...## #..
........#.## ###
#######.#.# #.#.#
######.#.# #.....$@.#
##.####)### .......o..#
...#####o.# #..# #...#
#.#...# #.##..... ##
##..##.


You could see an orc warrior.

Vanquished Creatures
  An ogre (D:6)
  2 centaurs
  Blork the orc (D:5)
  A scorpion (D:5)
  2 howler monkeys
  An orc priest (D:3)
  A bullfrog skeleton (D:4)
  An iguana (D:4)
  A centaur skeleton (D:5)
  A worker ant (D:4)
  10 adders
  A howler monkey skeleton (D:4)
  A shadow imp (D:5)
  An ooze (D:5)
  An adder zombie (D:6)
  3 worms
  A dart slug (D:2)
  5 leopard geckos
  8 orcs
  2 ball pythons
  5 giant cockroaches
  6 goblins
  7 hobgoblins
  8 jackals
  2 quokkas
  A ball python skeleton (D:4)
  7 bats
  7 frilled lizards
  8 kobolds
  A leopard gecko skeleton (D:4)
  6 rats
103 creatures vanquished.

Notes
Turn   | Place    | Note
-------+----------+-------------------------------------------
     0 | D:1      | ShinyGoldenGod the Minotaur Fighter began the quest for the
                  | Orb.
     0 | D:1      | Reached XP level 1. HP: 19/19 MP: 0/0
   246 | D:1      | Reached XP level 2. HP: 27/27 MP: 1/1
   516 | D:2      | Reached XP level 3. HP: 30/33 MP: 2/2
  1075 | D:2      | Reached skill level 1 in Axes
  1075 | D:2      | Reached XP level 4. HP: 35/41 MP: 3/3
  1243 | D:2      | Found a white marble altar of Elyvilon.
  1479 | D:3      | Found a faded altar of an unknown god.
  2064 | D:3      | Reached XP level 5. HP: 46/47 MP: 4/4
  2843 | D:4      | Noticed a centaur
  2850 | D:4      | Killed a centaur
  2850 | D:4      | Reached skill level 5 in Fighting
  2850 | D:4      | Reached skill level 5 in Armour
  2850 | D:4      | Reached skill level 5 in Shields
  2850 | D:4      | Reached XP level 6. HP: 50/56 MP: 5/5
  3603 | D:5      | Entered Level 5 of the Dungeon
  3886 | D:5      | Noticed Blork the orc
  3897 | D:5      | Killed Blork the orc
  3897 | D:5      | Reached XP level 7. HP: 62/62 MP: 6/6
  3936 | D:5      | Found a staircase to the Ecumenical Temple.
  3945 | Temple   | Entered the Ecumenical Temple
  4020 | Temple   | Became a worshipper of the Shining One
  4189 | D:5      | Found a stormy altar of Qazlal.
  4776 | D:6      | Slain by an orc warrior

Skill      XL: |  1  2  3  4  5  6  7 |
---------------+----------------------+-----
Maces & Flails | 3 |  3.1
Fighting       | 4 5 6 |  6.2
Armour         | 4 5 6 |  6.2
Shields        | 4 5 6 |  6.1
Axes           | 1 2 3 4 |  4.3

Action                   |  1- 3 |  4- 6 |  7- 9 || total
-------------------------+-------+-------+-------++-------
Melee: Flail             |    60 |       |       ||    60
       Headbutt          |    11 |    26 |     9 ||    46
       Hand axe          |    43 |   148 |    41 ||   232
  Use: Scroll            |     1 |       |       ||     1
  Eat: Chunk             |     1 |     9 |     2 ||    12
Armor: Scale mail        |    44 |    35 |    10 ||    89
Dodge: Dodged            |    31 |    36 |     6 ||    73
Block: Shield            |    67 |    51 |    16 ||   134
